 Dungeon Crawl Stone Soup version 0.19-a0-994-g3c636f0 (webtiles) character file.

12504 matakusis the Fighter (level 11, -1/90 HPs)
             Began as a Demonspawn Gladiator on July 17, 2016.
             Was a High Priest of Hepliaklqana.
             Killed from afar by an ice dragon (31 damage)
             ... with a blast of cold
             ... on level 11 of the Dungeon.
             The game lasted 00:38:18 (9467 turns).

matakusis the Fighter (Demonspawn Gladiator)        Turns: 9467, Time: 00:38:18

Health: -1/90      AC:  9    Str: 16    XL:     11   Next: 63%
Magic:  0/21       EV: 22    Int:  9    God:    Hepliaklqana [*****.]
Gold:   502        SH: 12    Dex: 17    Spells: 0 memorised, 23 levels left

rFire  . . .     SeeInvis .     H - +8 demon blade "Bloodbane" {slice, *Rage +Rage Stlth-}
rCold  . . .     Gourm    .     L - +0 leather armour {rN+}
rNeg   + . .     Faith    .     C - +0 buckler
rPois  +         Spirit   +     (helmet restricted)
rElec  .         Dismiss  .     R - +1 cloak
rCorr  .         Reflect  +     (no gloves)
SustAt .         Harm     .     i - +1 pair of boots
MR     .....     Rnd*Rage +     r - +4 amulet of reflection
Stlth  ..........               k - +4 ring of evasion
                                z - ring of poison resistance

@: exhausted, slowed, very slow, not resistant to hostile enchantments,
extremely unstealthy
A: antennae 1, large bone plates 1, blink, deterioration 1, mutation resistance
1, powered by death 2, regeneration 1, magic shield, magic regeneration
a: Blink, Recall Ancestor, Ancestor Identity, Transference, Idealise, Renounce
Religion, Evoke Berserk Rage


You were on level 11 of the Dungeon.
You worshipped Hepliaklqana.
Hepliaklqana was extremely pleased with you.
You were hungry.

You visited 2 branches of the dungeon, and saw 12 of its levels.

You collected 727 gold pieces.
You spent 225 gold pieces at shops.

Inventory:

Hand Weapons
 a - a +1 long sword
 H - the +8 demon blade "Bloodbane" (weapon) {slice, *Rage +Rage Stlth-}
   (You found it on level 9 of the Dungeon)

   It inflicts extra damage upon your enemies.
   It lets you go berserk.
   It may make you go berserk in combat.
   It makes you less stealthy.
 J - the +8 whip "Snakebite" {curare, rPois}
   (You found it on level 7 of the Dungeon)

   It poisons the flesh of those it strikes.
   It protects you from poison.
Missiles
 d - 7 throwing nets (quivered)
Armour
 i - a +1 pair of boots (worn)
 t - a +0 fire dragon armour
 C - a +0 buckler (worn)
 L - a +0 leather armour of positive energy (worn)
 R - a +1 cloak (worn)
Jewellery
 k - a +4 ring of evasion (right hand)
 q - an uncursed ring of poison resistance
 r - a +4 amulet of reflection (around neck)
 y - an uncursed ring of stealth
 z - a ring of poison resistance (left hand)
 G - an uncursed ring of sustain attributes
Wands
 j - a wand of disintegration (4/24)
Scrolls
 b - 2 scrolls of teleportation
 g - a scroll of recharging
 m - 3 scrolls of blinking
 p - a scroll of remove curse
 u - 3 scrolls of enchant armour
 A - a scroll of immolation
Potions
 c - a potion of magic
 e - 2 potions of haste
 h - a potion of heal wounds
 n - 2 potions of cure mutation
 o - 2 potions of resistance
 w - 2 potions of ambrosia
 B - 3 potions of curing
 I - 2 potions of brilliance
 K - a potion of mutation {unknown}
 M - a potion of agility {unknown}
 N - 4 potions of flight
 O - 2 potions of degeneration {unknown}
Comestibles
 f - 7 bread rations
 l - 5 fruits
 s - 5 meat rations
 v - 3 slices of pizza
 P - 16 royal jellies
 S - a beef jerky


   Skills:
 * Level 9.7 Fighting
 + Level 8.0 Long Blades
 - Level 1.7 Throwing
 + Level 3.7 Armour
 + Level 9.0 Dodging
 * Level 5.2 Shields
 * Level 6.9 Spellcasting


You had 23 spell levels left.
You didn't know any spells.

Dungeon Overview and Level Annotations

Branches:
Dungeon (11/15)            Temple (1/1) D:7            Lair (0/6) D:11
    Orc: D:9-12

Altars:
Ashenzari
Cheibriados
Dithmenos
Elyvilon
Fedhas
Gozag
Hepliaklqana
Kikubaaqudgha
Makhleb
Nemelex Xobeh
Okawaru
Pakellas
Qazlal
Ru
Sif Muna
Trog
Uskayaw
Vehumet
Xom
Yredelemnul
Zin
The Shining One

Shops:
D:4 ?

Portals:
Ice
Cave: D:11


Innate Abilities, Weirdness & Mutations

You have a pair of small antennae on your head.
You are partially covered in large bone plates. (AC +2, SH +2)
You regenerate health from kills.
When hurt, damage is shared between your health and your magic reserves.
You regenerate magic rapidly.
You can translocate small distances at will.
Your body sometimes deteriorates upon taking damage.
You are somewhat resistant to further mutation.
Your natural rate of healing is unusually fast.


Message History

You slash the ice dragon!
The ice dragon is almost dead.
You hit the ice dragon.
The ice dragon is almost dead.
You are no longer berserk.
You are exhausted.
You feel yourself slow down.
You are feeling hungry.
The ice dragon breathes frost at you. The blast of cold hits you!
You swap places.
Septimus barely misses the ice dragon.
The ice dragon bites Septimus but does no damage.
The ice dragon closely misses Septimus.
The ice dragon tramples Septimus.
Septimus holds his ground!
Septimus hits the ice dragon with a dagger of draining.
The ice dragon breathes frost at you.
The blast of cold hits Septimus.
Septimus resists.
The blast of cold hits you!
You die...

#....# * #....# * #....#
* #....##########***
#..............,,,
#..............,,,
******###.###.#++##.....
*,,,,*##.####.#,,,#.....
*,,,,*#@## #..#,,,#<....
*,,,,*##R# #..#,,,#.....
***,** #D#*#..#,,,#.....
*,***#..*#..#,,,#.?...
*,**,..####.#####.....
**,***...**#..?........
*,,**....,*####+#......
*,,**..∩.,* *,,,#......
*,,*#.....* *,,,#......


You could see the friendly Septimus the hexer and an ice dragon.

Vanquished Creatures
  Harold (D:11)
  The ghost of p0werm0de the Fighter, a novice DsBe of Trog (D:7)
  A hill giant (D:10)
  An ugly thing (D:11)
  Pikel (D:7)
  Maurice (D:8)
  A queen bee (D:9)
  2 polar bears (D:11)
  A troll (D:10)
  A two-headed ogre (D:9)
  Prince Ribbit (D:7)
  A meliai zombie (D:10)
  A vampire (D:11)
  A wraith (D:11)
  14 yaks
  2 wyverns
  2 hippogriffs
  Edmund (D:4)
  A sky beast (D:8)
  An orc warrior (D:10)
  3 black bears
  An ogre (D:6)
  2 phantoms
  A wolf (D:11)
  5 centaurs
  A big kobold (D:10)
  2 gnoll sergeants
  3 giant frogs
  A water moccasin zombie (D:10)
  A scorpion (D:8)
  23 killer bees (D:9)
  2 howler monkeys (D:10)
  3 crimson imps
  A centaur skeleton (D:4)
  Crazy Yiuf (D:7)
  4 orc priests
  3 hounds (D:10)
  5 orc wizards
  A giant frog skeleton (D:5)
  2 iguanas
  Natasha (twice) (D:3)
  3 worker ants
  2 hound skeletons
  2 worker ant zombies
  A howler monkey skeleton (D:5)
  12 adders
  26 gnolls
  3 shadow imps
  2 worms
  2 dart slugs
  4 giant geckos
  26 orcs
  4 giant cockroaches
  8 goblins
  14 hobgoblins
  2 jackals (D:7)
  21 kobolds
  5 quokkas
  A ball python (D:3)
  7 bats
  A giant cockroach zombie (D:5)
  A giant gecko skeleton (D:5)
  12 giant newts
  3 quokka skeletons
  7 rats
  A plant (D:2)
273 creatures vanquished.

Vanquished Creatures (collateral kills)
  The ghost of Multipenetrator the Thaumaturge, a novice DECj (D:5)
  A yak (D:10)
  A slave (D:7)
  An ice beast (D:8)
  A phantom (D:8)
  A centaur (D:5)
  2 giant frogs
  2 killer bees (D:9)
  2 howler monkeys
  A giant frog zombie (D:5)
  A gnoll shaman (D:6)
  2 hounds
  An orc wizard (D:5)
  A giant frog skeleton (D:10)
  A worker ant (D:8)
  Natasha (D:3)
  2 gnolls
  3 adders
  A shadow imp (D:5)
  2 oozes (D:3)
  An adder skeleton (D:5)
  A dart slug (D:2)
  6 orcs
  3 jackals
  2 kobolds
  4 quokkas
  4 giant newts (D:2)
49 creatures vanquished.

Vanquished Creatures (others)
  A sky beast (D:7)
  A slave (D:7)
  A gnoll (D:7)
  2 hexers
  A quokka (D:7)
  A plant (D:2)
7 creatures vanquished.

Grand Total: 329 creatures vanquished

Notes
Turn   | Place    | Note
-------+----------+-------------------------------------------
     0 | D:1      | matakusis the Demonspawn Gladiator began the quest for the Orb.
     0 | D:1      | Reached XP level 1. HP: 16/16 MP: 1/1
   196 | D:1      | Gained mutation: You regenerate a little health from kills. [demonic ancestry]
   196 | D:1      | Reached XP level 2. HP: 23/23 MP: 2/2
   443 | D:1      | Gained mutation: You can translocate small distances at will. [potion of beneficial mutation]
   665 | D:2      | Gained mutation: When hurt, damage is shared between your health and your magic reserves. [demonic ancestry]
   665 | D:2      | Reached XP level 3. HP: 28/28 MP: 3/3
   875 | D:2      | Found a hazy altar of Hepliaklqana.
  1010 | D:2      | Became a worshipper of Hepliaklqana
  1097 | D:2      | Reached XP level 4. HP: 34/34 MP: 4/4
  1435 | D:2      | Reached skill level 1 in Spellcasting
  1802 | D:3      | Reached * piety under Hepliaklqana
  1862 | D:3      | Noticed Natasha
  1870 | D:3      | Killed Natasha
  1917 | D:3      | Found a radiant altar of Vehumet.
  1923 | D:3      | Reached skill level 1 in Armour
  1923 | D:3      | Reached XP level 5. HP: 40/41 MP: 5/7
  2055 | D:3      | Noticed Natasha
  2060 | D:3      | Killed Natasha
  2103 | D:3      | Noticed Natasha
  2112 | D:3      | Killed Natasha
  2112 | D:3      | Gained mutation: You are partially covered in large bone plates. (AC +2, SH +2) [demonic ancestry]
  2112 | D:3      | Reached XP level 6. HP: 30/47 MP: 4/8
  2526 | D:4      | Noticed Edmund
  2574 | D:4      | Killed Edmund
  2574 | D:4      | Reached XP level 7. HP: 27/54 MP: 6/10
  2590 | D:4      | Found Veite's Magic Scroll Shoppe.
  2634 | D:4      | Bought a scroll of enchant armour for 75 gold pieces
  2634 | D:4      | Bought a scroll of enchant armour for 75 gold pieces
  2634 | D:4      | Bought a scroll of enchant armour for 75 gold pieces
  2836 | D:4      | Reached ** piety under Hepliaklqana
  2837 | D:4      | Remembered your ancestor Septimus as a hexer
  3037 | D:5      | Entered Level 5 of the Dungeon
  3113 | D:5      | Reached skill level 5 in Dodging
  3268 | D:5      | Reached skill level 5 in Fighting
  3341 | D:5      | Reached XP level 8. HP: 61/62 MP: 12/12
  3553 | D:5      | Noticed Multipenetrator's ghost (novice DECj)
  3567 | D:5      | Killed Multipenetrator's ghost
  3580 | D:5      | Reached skill level 5 in Long Blades
  4767 | D:6      | Gained mutation: You regenerate health from kills. [demonic ancestry]
  4767 | D:6      | Reached XP level 9. HP: 71/71 MP: 15/15
  4845 | D:6      | Reached *** piety under Hepliaklqana
  5017 | D:6      | Found a deep blue altar of Sif Muna.
  5303 | D:7      | Noticed Prince Ribbit
  5316 | D:7      | Killed Prince Ribbit
  5398 | D:7      | Noticed p0werm0de's ghost (novice DsBe)
  5477 | D:7      | Noticed Pikel
  5493 | D:7      | Killed p0werm0de's ghost
  5497 | D:7      | Killed Pikel
  5497 | D:7      | Reached skill level 5 in Spellcasting
  5671 | D:7      | Found a staircase to the Ecumenical Temple.
  5712 | Temple   | Entered the Ecumenical Temple
  6191 | D:7      | Found a runed door.
  6195 | D:7      | Noticed Crazy Yiuf
  6204 | D:7      | Killed Crazy Yiuf
  6454 | D:8      | Gained mutation: You regenerate magic rapidly. [demonic ancestry]
  6454 | D:8      | Reached XP level 10. HP: 59/80 MP: 13/18
  6588 | D:8      | Reached skill level 1 in Shields
  6909 | D:8      | Reached **** piety under Hepliaklqana
  7098 | D:8      | Noticed Maurice
  7111 | D:8      | Killed Maurice
  8374 | D:10     | Entered Level 10 of the Dungeon
  8462 | D:10     | Gained mutation: You have a pair of small antennae on your head. [demonic ancestry]
  8462 | D:10     | Reached XP level 11. HP: 87/87 MP: 20/20
  8760 | D:10     | Noticed a hill giant
  8765 | D:10     | Killed a hill giant
  9165 | D:10     | Reached ***** piety under Hepliaklqana
  9320 | D:11     | Found a staircase to the Lair.
  9344 | D:11     | Noticed Harold
  9356 | D:11     | Killed Harold
  9356 | D:11     | Reached skill level 5 in Shields
  9375 | D:11     | Noticed a purple ugly thing
  9387 | D:11     | Killed a purple ugly thing
  9403 | D:11     | Gained mutation: Your natural rate of healing is unusually fast. [mutagenic meat]
  9409 | D:11     | Gained mutation: Your body sometimes deteriorates upon taking damage. [mutagenic meat]
  9412 | D:11     | Gained mutation: You are somewhat resistant to further mutation. [mutagenic meat]
  9442 | D:11     | Found a frozen archway.
  9444 | D:11     | Noticed an ice dragon
  9467 | D:11     | Killed from afar by an ice dragon

Vault maps used:
D:1:      scummos_arrival_hexagon
D:2:      wad_woods_stonehenge, first_bread, minmay_newt_pond
D:3:      old_standard_altar, kennysheep_doodads, minmay_item_behind_shaft,
          uniq_natasha
D:4:      serial_shops, shop, uniq_edmund
D:6:      lemuel_blue_sif_altar
D:7:      uniq_crazy_yiuf_cottage, uniq_pikel, uniq_prince_ribbit1
D:8:      corexii_shantytown, serial_glass, glass_columns_a, glass_columns_a,
          glass_columns_c, glass_columns_c, uniq_maurice
D:9:      special_room
D:11:     minmay_gate_of_8, lair_0_dummy,
          portal_ice_cave_entry_animals_and_master, grunt_pizzeria, uniq_harold
Temple:   compressed_dpeg_circular_temple

Skill      XL: |  1  2  3  4  5  6  7  8  9 10 11 |
---------------+----------------------------------+-----
Dodging        | 3 4 5 6 7 8 9 |  9.0
Long Blades    | 3 4 5 6 7 8 |  8.0
Spellcasting   | 1 2 3 4 5 6 |  6.9
Fighting       | 3 4 5 6 7 8 9 |  9.7
Armour         | 1 2 3 |  3.7
Shields        | 4 5 |  5.2
Throwing       | |  1.7

Action                   |  1- 3 |  4- 6 |  7- 9 | 10-12 || total
-------------------------+-------+-------+-------+-------++-------
Melee: Long sword        |   147 |   213 |   505 |       ||   865
       Whip              |       |       |     9 |   116 ||   125
       Demon blade       |       |       |       |   235 ||   235
Throw: Throwing net      |       |     3 |     2 |       ||     5
Invok: Ancestor Life: He |       |       |     1 |       ||     1
       Recall Ancestor   |       |       |       |     1 ||     1
 Abil: Blink             |       |       |     4 |       ||     4
  Use: Scroll            |     3 |     7 |     8 |     7 ||    25
       Potion            |     1 |       |     1 |       ||     2
 Stab: Held in net/web   |       |     2 |       |     1 ||     3
       Distracted        |       |     1 |     3 |     3 ||     7
       Confused          |       |       |    11 |     2 ||    13
       Sleeping          |       |       |     2 |     2 ||     4
  Eat: Chunk             |     1 |     5 |    12 |    18 ||    36
       Pizza             |       |       |     1 |       ||     1
Armor: Leather armour    |    36 |    22 |    63 |    38 ||   159
Dodge: Dodged            |    80 |   113 |   292 |   221 ||   706
Block: Other             |       |    26 |   111 |       ||   137
       Reflection        |       |       |     1 |     5 ||     6
       Buckler           |       |       |    17 |   172 ||   189
